 Dungeon Crawl Stone Soup version 0.20-a0-274-g7b51309 (webtiles) character file.

237 PurpleRed the Slasher (level 5, -1/41 HPs)
             Began as a Vampire Gladiator on Dec 11, 2016.
             Slain by an orc
             ... wielding a +0 flail
              (6 damage)
             ... on level 4 of the Dungeon.
             The game lasted 00:06:42 (4578 turns).

PurpleRed the Slasher (Vampire Gladiator)           Turns: 4578, Time: 00:06:43

Health: -1/41      AC:  4    Str: 15    XL:     5   Next: 77%
Magic:  5/5        EV: 13    Int: 11    God:
Gold:   174        SH:  0    Dex: 14    Spells: 4/4 levels left

rFire  . . .     SeeInvis +     a - +0 long sword
rCold  + . .     Gourm    .     b - +0 leather armour
rNeg   + + .     Faith    .     (no shield)
rPois  +         Spirit   .     c - +0 helmet
rElec  .         Reflect  .     (no cloak)
rCorr  +         Harm     .     (no gloves)
MR     .....                    (no boots)
Stlth  ++........               (no amulet)
                                (no ring)
                                p - ring of resist corrosion

@: regenerating slowly
A: fangs 3, see invisible, unbreathing
a: Bat Form


You were on level 4 of the Dungeon.
You were thirsty.

You visited 1 branch of the dungeon, and saw 4 of its levels.

You collected 174 gold pieces.

Inventory:

Hand Weapons
 a - a +0 long sword (weapon)
Missiles
 d - 2 throwing nets (quivered)
Armour
 b - a +0 leather armour (worn)
 c - a +0 helmet (worn)
 i - a +0 plate armour
 n - a +0 ring mail
Jewellery
 p - a ring of resist corrosion (left hand)
Wands
 w - a wand of teleportation (2/9)
Scrolls
 f - 4 scrolls of identify {unknown}
 g - a scroll of enchant armour {unknown}
 h - 2 scrolls of recharging {unknown}
 m - a scroll of random uselessness {unknown}
 o - a scroll of fear {unknown}
 q - a scroll of enchant weapon {unknown}
 r - a scroll of amnesia {unknown}
 t - a scroll of teleportation {unknown}
 u - 2 scrolls of noise {unknown}
Potions
 e - 18 potions of blood
 j - a potion of cure mutation {unknown}
 k - a potion of flight {unknown}
 l - a potion of heal wounds {unknown}
 s - a potion of curing {unknown}
 v - a potion of brilliance {unknown}


   Skills:
 + Level 3.3 Fighting
 * Level 5.7 Long Blades
 - Level 1.5 Throwing
 - Level 3.2 Dodging


You had 4 spell levels left.
You didn't know any spells.

Dungeon Overview and Level Annotations

Branches:
Dungeon (4/15)
 Temple: D:4-7

Altars:
Cheibriados
Gozag
Kikubaaqudgha
Makhleb


Innate Abilities, Weirdness & Mutations

You heal slowly.
You have razor-sharp teeth.
You have supernaturally acute eyesight. (SInv)
You can survive without breathing.


Message History

The orc priest calls down the wrath of Beogh upon you.
You struggle to resist.
The orc closely misses you. x2; You riposte.
You closely miss the orc.
The orc is lightly wounded.
You hit the orc priest but do no damage.
The orc priest completely misses you. The orc misses you.
The orc closely misses you.
You hit the orc priest.
The orc priest is lightly wounded.
The orc priest hits you with a war axe! The orc closely misses you.
The orc hits you with a flail.
You hit the orc priest.
The orc priest is heavily wounded.
The orc priest invokes the aid of Beogh against you.
Beogh smites you!
* * * LOW HITPOINT WARNING * * *
The orc hits you with a flail.
* * * LOW HITPOINT WARNING * * *
The orc hits you with a flail.
You die...

########################
.....>oo................
#...o@###...##..######
+.#.#.#.#.#.#.#.#.##
#..................#
#.#.#.#.#.#.#.#.#.##
#.................)###
#.#.#.#.#.#.#.#.#.#...
#..................%##
#.#.#.#.#.#.#.#.#.#.#
##..................#


You could see an orc priest and 2 orcs.

Vanquished Creatures
  An orc wizard (D:3)
  A worker ant (D:3)
  3 gnolls (D:2)
  6 adders
  An ooze (D:2)
  6 worms
  3 dart slugs (D:2)
  2 leopard geckos
  4 orcs
  4 giant cockroaches
  10 goblins
  11 hobgoblins
  2 jackals (D:3)
  A quokka (D:3)
  A ball python (D:3)
  5 bats
  6 frilled lizards
  A kobold (D:3)
  5 rats
73 creatures vanquished.

Notes
Turn   | Place    | Note
-------+----------+-------------------------------------------
     0 | D:1      | PurpleRed the Vampire Gladiator began the quest for the Orb.
     0 | D:1      | Reached XP level 1. HP: 16/16 MP: 1/1
   646 | D:1      | Reached XP level 2. HP: 22/22 MP: 2/2
  1398 | D:2      | Reached XP level 3. HP: 24/27 MP: 3/3
  1482 | D:2      | Reached skill level 4 in Long Blades
  2135 | D:3      | Found an opulent altar of Gozag.
  2186 | D:3      | Reached XP level 4. HP: 33/34 MP: 4/4
  2220 | D:3      | You fall through a shaft!
  2252 | D:4      | Found an ancient bone altar of Kikubaaqudgha.
  3073 | D:3      | Found a snail-covered altar of Cheibriados.
  3073 | D:3      | Found a burning altar of Makhleb.
  3142 | D:3      | Reached skill level 5 in Long Blades
  3142 | D:3      | Reached XP level 5. HP: 10/40 MP: 5/5
  4578 | D:4      | Slain by an orc

Vault maps used:
D:1:      dpeg_arrival_water_fire
D:3:      gammafunk_temple_overflow_wave, first_bread, st_stairs_13,
          serial_park_tiny_pond, grunt_gozag_breadcrumbs
D:4:      nicolae_overflow_crystal_walls, lemuel_crystal_altar,
          chequers_temple_overflow_statue_of_worship, st_stairs_11

Skill      XL: |  1  2  3  4  5 |
---------------+----------------+-----
Fighting       | 2 3 |  3.3
Long Blades    | 4 5 |  5.7
Throwing       | |  1.5
Dodging        | |  3.2

Action                   |  1- 3 |  4- 6 || total
-------------------------+-------+-------++-------
Melee: Long sword        |    89 |   141 ||   230
       Bite              |     7 |    23 ||    30
Throw: Throwing net      |     1 |       ||     1
  Use: Potion            |     3 |     7 ||    10
 Stab: Sleeping          |     1 |     3 ||     4
Armor: Leather armour    |    26 |    35 ||    61
Dodge: Dodged            |    55 |   115 ||   170
       Rpst.: Long sword |    17 |    40 ||    57
